 Dungeon Crawl Stone Soup version 0.29-a0-409-gd843f3a48c (webtiles) character file.

Game seed: 8185347293342272061

123 MordorOrchid the Magician (level 5, -4/37 HPs)
             Began as a Djinni Wanderer on May 13, 2022.
             Slain by a lemure (7 damage)
             ... led by Pikel
             ... on level 3 of the Dungeon.
             The game lasted 00:12:38 (5093 turns).

MordorOrchid the Magician (Djinni Wanderer)         Turns: 5093, Time: 00:12:38

Health: -4/37      AC:  2    Str: 14    XL:     5   Next: 28%
Gold:   190        EV: 11    Int: 19    God:
                   SH:  4    Dex: 12

rFire   + + .      SeeInvis .   a - +0 dagger
rCold   x . .      Faith    .   d - +0 buckler
rNeg    . . .      Spirit   .   c - +0 robe
rPois   ∞          Reflect  .   (no helmet)
rElec   .          Harm     .   (no cloak)
rCorr   .          Rampage  .   (no gloves)
Will    .....                   (boots unavailable)
Stlth   +.........              (no amulet)
HPRegen 0.12/turn               f - ring of wizardry
MPRegen 0.00/turn               B - +6 ring of strength

@: flying, very slightly contaminated
A: sickness immunity, fire resistance 2, cold vulnerability 1, float, innate
caster, HP casting, extra vitality 1
a: no special abilities


You were on level 3 of the Dungeon.
You visited 1 branch of the dungeon, and saw 4 of its levels.

You collected 190 gold pieces.

Inventory:

Hand Weapons
 a - a +0 dagger (weapon)
 g - a +0 longbow
 j - a +0 hunting sling
Missiles
 e - 8 poisoned darts (quivered)
 m - a throwing net
 n - 120 stones
 y - 10 atropa-tipped darts
Armour
 c - a +0 robe (worn)
 d - a +0 buckler (worn)
Jewellery
 f - a ring of wizardry (left hand)
 q - a ring of protection from fire
 B - a +6 ring of strength (right hand)
Wands
 A - a wand of paralysis (8)
Scrolls
 b - a scroll of fear
 i - a scroll of identify {unknown}
 p - a scroll of enchant armour {unknown}
 r - a scroll of noise {unknown}
 s - a scroll of magic mapping {unknown}
 t - a scroll of blinking {unknown}
 v - a scroll of summoning {unknown}
 x - a scroll of vulnerability {unknown}
 z - a scroll of fog {unknown}
 D - a scroll of immolation {unknown}
Potions
 h - a potion of lignification {unknown}
 k - a potion of berserk rage {unknown}
 l - a potion of attraction {unknown}
 o - 2 potions of degeneration {unknown}
 u - a potion of mutation {unknown}
 w - 2 potions of curing
 C - a potion of invisibility {unknown}


   Skills:
 * Level 1.2 Fighting
 * Level 1.3 Dodging
 * Level 3.2 Shields
 + Level 4.4 Spellcasting
 - Level 2.0 Evocations


You couldn't memorise any spells.
You knew the following spells:

 Your Spells              Type           Power      Damage    Failure   Level
a - Sandblast             Erth           42%        2d11      1%          1
b - Corpse Rot            Necr/Air       42%        N/A       1%          2
c - Sting                 Tmut/Pois      84%        1d7       1%          1
d - Slow                  Hex            84%        N/A       1%          1
e - Dazzling Flash        Conj/Hex       42%        N/A       3%          3
f - Stone Arrow           Conj/Erth      42%        3d9       3%          3
s - Summon Guardian Gole  Hex/Summ       21%        N/A       3%          3

Your spell library contained the following spells:

 Spells                   Type           Power      Damage    Failure   Level


Dungeon Overview and Level Annotations

Branches:
Dungeon (4/15)
 Temple: D:4-7

Altars:

Shops:
D:2 (

Annotations:
D:4 Pikel


Innate Abilities, Weirdness & Mutations

You are immune to sickness and miasma.
You are immune to poison.
Your flesh is very heat resistant. (rF++)
You are vulnerable to cold. (rC-)
You float through the air rather than walking.
You learn spells naturally, not from books.
Your magical power is your life essence.
You have superior vitality. (+4 MHP)


Message History

Aim: Pikel, wielding a +1 whip of freezing and wearing a +0 robe (slow, 64% to hit)
The stone arrow misses Pikel.
A ball python comes into view.
Casting: Stone Arrow (dangerous; 3% risk of failure)
Confirm with . or Enter, or press ? or * to list all spells.
Aiming: Stone Arrow (dangerous; 3% risk of failure)
Press: ? - help, Shift-Dir - straight line, f/p - Pikel
Aim: Pikel, wielding a +1 whip of freezing and wearing a +0 robe (slow, 64% to hit)
The stone arrow hits Pikel!
Pikel is moderately wounded.
Casting: Stone Arrow (dangerous; 3% risk of failure)
Confirm with . or Enter, or press ? or * to list all spells.
Aiming: Stone Arrow (dangerous; 3% risk of failure)
Press: ? - help, Shift-Dir - straight line, f/p - Pikel
Aim: Pikel, wielding a +1 whip of freezing and wearing a +0 robe (moderately wounded, slow, 64% to hit)
The stone arrow hits Pikel!
Pikel is heavily wounded.
A lemure comes into view.
The lemure misses you.
Casting: Stone Arrow (dangerous; 3% risk of failure)
Confirm with . or Enter, or press ? or * to list all spells.
Aiming: Stone Arrow (dangerous; 3% risk of failure)
Press: ? - help, Shift-Dir - straight line, f/p - Pikel
Aim: Pikel, wielding a +1 whip of freezing and wearing a +0 robe (heavily wounded, slow, 64% to hit)
You miscast Stone Arrow.
Nothing appears to happen.
Pikel hits you with a +1 whip of freezing.
Pikel freezes you.
* * * LOW HITPOINT WARNING * * *
The lemure hits you.
* * * LOW HITPOINT WARNING * * *
Unknown command.
Pikel drinks a potion.
Pikel is healed!
The lemure attacks as you move away! The lemure hits you.
* * * LOW HITPOINT WARNING * * *
There is a stone staircase leading up here.
The lemure closely misses you.
You fly upwards.
There is a stone staircase leading down here.
The lemure attacks as you move away! The lemure hits you!
You die...

.##...##.# #............#..##.).#
.######..###............##.#.[...
..# #.....###................####
#.# ####..###................##..
#†# #...##.......>......#.#...
#.# ##...............#........
#.# ##.#........#...#........
#.###### #.....#.5...............
#......# ##.##..@)............>..
#......# ##..#....#..............
#......###..<....##.............>
#..........##.#..##..............
#......######.#.....#...##.......
#......######.#......#######.....
#.................#..## #.....
######.............#..#### #.....
#...............#....###.....


You could see a lemure.

Vanquished Creatures
  A lemure (D:3)
  An orc wizard (D:4)
  2 adders (D:2)
  A worm (D:3)
  A dart slug (D:4)
  5 orcs
  7 bats
  6 endoplasms
  2 giant cockroaches (D:1)
  7 goblins
  8 hobgoblins
  4 jackals (D:2)
  3 kobolds
  2 quokkas
  5 ball pythons
  8 frilled lizards
  6 rats
69 creatures vanquished.

Notes
Turn   | Place    | Note
-------+----------+-------------------------------------------
     0 | D:1      | MordorOrchid the Djinni Wanderer began the quest for the
                  | Orb.
     0 | D:1      | Reached XP level 1. HP: 15/15 MP: 0/0
   562 | D:1      | Reached XP level 2. HP: 19/21 MP: 0/0
  1701 | D:1      | Reached XP level 3. HP: 23/25 MP: 0/0
  1701 | D:1      | Learned a level 1 spell: Sting
  2380 | D:2      | Reached skill level 4 in Spellcasting
  2717 | D:2      | Found a faded altar of an unknown god.
  2985 | D:2      | Found Cotyhigh's Antique Weapon Emporium.
  3086 | D:2      | Reached XP level 4. HP: 27/31 MP: 0/0
  4227 | D:3      | Reached skill level 1 in Fighting
  4231 | D:3      | Reached skill level 1 in Dodging
  4915 | D:4      | Noticed a lemure
  4915 | D:4      | Noticed Pikel
  4916 | D:4      | Noticed a lemure
  4920 | D:3      | Killed a lemure
  5020 | D:4      | Reached XP level 5. HP: 33/37 MP: 0/0
  5020 | D:4      | Learned a level 2 spell: Corpse Rot
  5079 | D:4      | Noticed a lemure
  5093 | D:3      | Slain by a lemure

Illustrated notes

Levels and vault maps discovered:
D:1:      elethiomel_arrival_maze, layout_basic
D:2:      layout_basic, shapermc_ecumenical_altar_starsandcircs, serial_shops,
          shop, kennysheep_generic_room_6
D:3:      layout_rooms, grunt_ministairs_2, minmay_goblin_kobold_house
D:4:      layout_loops_ring, hangedman_decor_diamond_cutter, uniq_pikel

Skill      XL: |  1  2  3  4 |
---------------+-------------+-----
Spellcasting   | 4 |  4.4
Fighting       | 1 |  1.2
Dodging        | 1 |  1.3
Shields        | |  3.2
Evocations     | |  2.0

Action                   |  1- 3 |  4- 6 || total
-------------------------+-------+-------++-------
Melee: Dagger            |    99 |     7 ||   106
Throw: Dart              |     1 |       ||     1
 Cast: Slow              |    24 |     2 ||    26
       Sting             |    20 |    13 ||    33
       Sandblast         |     2 |    22 ||    24
       Stone Arrow       |     1 |    16 ||    17
       Summon Guardian G |       |     6 ||     6
  Use: Scroll            |     1 |       ||     1
Armor: Robe              |    23 |     3 ||    26
Dodge: Dodged            |    46 |    16 ||    62
Block: Buckler           |    17 |     5 ||    22

Table legend: (Time is in decaauts)
 A = Elapsed time spent in this place.
 B = Non-inter-level travel time spent in this place.
 C = Inter-level travel time spent in this place.
 D = Time resting spent in this place.
 E = Time spent auto-exploring this place.
 F = Levels seen in this place.
 G = Mean time per level.
                   A        B        C        D        E       F      G
               +--------+--------+--------+--------+--------+-----+--------+
         Total |   5098 |   4926 |    172 |    289 |   4054 |   4 | 1274.5 |
       Dungeon |   5098 |   4926 |    172 |    289 |   4054 |   4 | 1274.5 |
               +--------+--------+--------+--------+--------+-----+--------+

Top non-repeatable levels by time:
     D:1: 2308 daAuts
     D:2: 1400 daAuts
     D:3: 1093 daAuts
     D:4: 295 daAuts
